TOP OF THE 1ST |
Augusta GreenJackets batting - Pitching for Dayton Dragons : RHP Roberto Cortez
|
Pitching: RHP Roberto Cortez
|
|
Batting: LHB Gil Caraveo
|
0-0: Called Strike 0-1: Ball 1-1: Ball 2-1: Ball 3-1: Swinging Strike 3-2: Ground out U3 (Groundball, 34, EV 90.0 MPH)
|
Batting: RHB Gabe Ochoa
|
0-0: Ball 1-0: Called Strike 1-1: SINGLE (Line Drive, 7LS, EV 93.8 MPH)
|
Batting: LHB J.P. Olson
|
0-0: Foul Ball, location: 2F 0-1: Foul Ball, location: 2F 0-2: Ball 1-2: Foul Ball, location: 2F 1-2: Ball 2-2: Ball 3-2: Foul Ball, location: 2F 3-2: Grounds into double play, U6-3 (Groundball, 4MD, EV 80.6 MPH)
|
Top of the 1st over - 0 runs, 1 hit, 0 errors, 0 left on base; Augusta 0 - Dayton 0 |
BOTTOM OF THE 1ST |
Dayton Dragons batting - Pitching for Augusta GreenJackets : RHP Dave Crouch
|
Pitching: RHP Dave Crouch
|
|
Batting: LHB Fernando Gomez
|
0-0: Called Strike 0-1: Ball 1-1: Ball 2-1: DOUBLE (Line Drive, 89D, EV 109.4 MPH)
|
Batting: LHB Leo Gomez
|
0-0: Ground out 6-3 (Groundball, 6M, EV 103.8 MPH) Fernando Gomez to third
|
Batting: LHB David Moore
|
0-0: Ball 1-0: Fly out, F7 (Flyball, 78S, EV 90.6 MPH)
|
Batting: LHB Matthew Berry
|
0-0: Ball 1-0: Ball 2-0: Ball 3-0: Called Strike 3-1: Called Strike 3-2: Base on Balls
|
Batting: RHB David Clough
|
0-0: Foul Ball, location: 2F 0-1: Ball 1-1: SINGLE (Line Drive, 5D, EV 95.0 MPH) Fernando Gomez scores Matthew Berry to second
|
Batting: LHB Brian Dickeson
|
0-0: Ball 1-0: 3-RUN HOME RUN (Flyball, 89XD, EV 108.1 MPH), Distance : 427 ft
|
Batting: RHB Mark Williams
|
0-0: Ball 1-0: SINGLE (Groundball, 4MD, EV 100.0 MPH)
|
Batting: LHB Nick Nino
|
0-0: Foul Ball, location: 2F 0-1: Foul Ball, location: 2F 0-2: Ball 1-2: Ball 2-2: Fielders Choice at 2nd, 6-4 (Groundball, 6, EV 84.4 MPH)
|
Bottom of the 1st over - 4 runs, 4 hits, 0 errors, 1 left on base; Augusta 0 - Dayton 4 |
TOP OF THE 2ND |
Augusta GreenJackets batting - Pitching for Dayton Dragons : RHP Roberto Cortez
|
Batting: RHB Adam Solesbee
|
0-0: Ball 1-0: Ball 2-0: Swinging Strike 2-1: Ball 3-1: Base on Balls
|
Batting: LHB Gabe Velez
|
0-0: Foul Ball, location: 2F 0-1: Swinging Strike 0-2: Ball 1-2: Strikes out looking
|
Batting: RHB Micah McErlean
|
0-0: Called Strike 0-1: SINGLE (Line Drive, 34, EV 101.2 MPH) Adam Solesbee to second
|
Batting: LHB Pong-keun Koh
|
0-0: Ball 1-0: Ball 2-0: Called Strike 2-1: Foul Ball, location: 2F 2-2: Fly out, F9 (Flyball, 9S, EV 96.2 MPH)
|
Batting: RHB Juan Flores
|
0-0: Foul Ball, location: 2F 0-1: Called Strike 0-2: Fly out, F8 (Flyball, 8LS, EV 86.2 MPH)
|
Top of the 2nd over - 0 runs, 1 hit, 0 errors, 2 left on base; Augusta 0 - Dayton 4 |
BOTTOM OF THE 2ND |
Dayton Dragons batting - Pitching for Augusta GreenJackets : RHP Dave Crouch
|
Batting: SHB Bryan Johnston
|
0-0: Called Strike 0-1: Ball 1-1: Foul Ball, location: 2F 1-2: Foul Ball, location: 2F 1-2: Foul Ball, location: 2F 1-2: Strikes out swinging
|
Batting: LHB Fernando Gomez
|
0-0: Ball 1-0: Reached on error, E5 (Groundball, 5, EV 90.0 MPH)
|
Batting: LHB Leo Gomez
|
0-0: Ball 1-0: Ball 2-0: Swinging Strike 2-1: Foul Ball, location: 2F 2-2: Foul Ball, location: 2F 2-2: Strikes out looking
|
Batting: LHB David Moore
|
0-0: Ball 1-0: Ball Wild Pitch! Fernando Gomez to third 2-0: Ball 3-0: Base on Balls
|
Batting: LHB Matthew Berry
|
0-0: Called Strike 0-1: Ball 1-1: Swinging Strike 1-2: Ball 2-2: DOUBLE (Groundball, 3L, EV 106.9 MPH) Fernando Gomez scores David Moore to third
|
Pitching: RHP Chase Joy
|
|
Batting: RHB David Clough
|
0-0: Foul Ball, location: 2F 0-1: Fly out, F4 (Popup, 34, EV 59.4 MPH)
|
Bottom of the 2nd over - 1 run, 1 hit, 1 error, 2 left on base; Augusta 0 - Dayton 5 |
TOP OF THE 3RD |
Augusta GreenJackets batting - Pitching for Dayton Dragons : RHP Roberto Cortez
|
Batting: RHB Ryan Johnston
|
0-0: Called Strike 0-1: Swinging Strike 0-2: Strikes out looking
|
Batting: LHB Gil Caraveo
|
0-0: Ball 1-0: Foul Ball, location: 2F 1-1: Foul Ball, location: 2F 1-2: Foul Ball, location: 2F 1-2: Ball 2-2: Ball 3-2: Ground out 4-3 (Groundball, 4, EV 100.6 MPH)
|
Batting: RHB Gabe Ochoa
|
0-0: Ball 1-0: Ball 2-0: Ground out 5-3 (Groundball, 5L, EV 109.4 MPH)
|
Top of the 3rd over - 0 runs, 0 hits, 0 errors, 0 left on base; Augusta 0 - Dayton 5 |
BOTTOM OF THE 3RD |
Dayton Dragons batting - Pitching for Augusta GreenJackets : RHP Chase Joy
|
Batting: LHB Brian Dickeson
|
0-0: Ball 1-0: Called Strike 1-1: Fly out, F9 (Flyball, 89M, EV 97.5 MPH)
|
Batting: RHB Mark Williams
|
0-0: SOLO HOME RUN (Line Drive, 7D, EV 95.6 MPH), Distance : 362 ft
|
Batting: LHB Nick Nino
|
0-0: Foul Ball, location: 2F 0-1: Ball 1-1: Ball 2-1: Ball 3-1: Base on Balls
|
Batting: SHB Bryan Johnston
|
0-0: Called Strike Nick Nino steals 2nd base 0-1: Called Strike 0-2: Foul Ball, location: 2F 0-2: Ball 1-2: DOUBLE (Flyball, 8RXD, EV 113.1 MPH) Nick Nino scores
|
Batting: LHB Fernando Gomez
|
0-0: Swinging Strike 0-1: Ball 1-1: Ball 2-1: Ball 3-1: Base on Balls
|
Batting: LHB Leo Gomez
|
0-0: Called Strike 0-1: SINGLE (Groundball, 34D, EV 98.8 MPH) Bryan Johnston to third Fernando Gomez to second
|
Batting: LHB David Moore
|
0-0: Ball 1-0: Ball 2-0: Foul Ball, location: 2F 2-1: Called Strike 2-2: Fielders Choice at 2nd, 5-4 (Groundball, 6, EV 106.9 MPH) Bryan Johnston scores Fernando Gomez to third
|
Batting: LHB Matthew Berry
|
0-0: Called Strike 0-1: Ball 1-1: Called Strike 1-2: Ball 2-2: Ball 3-2: Foul Ball, location: 2F 3-2: Base on Balls David Moore to second
|
Batting: RHB David Clough
|
0-0: Called Strike 0-1: Ball 1-1: Foul Ball, location: 2F 1-2: Strikes out looking
|
Bottom of the 3rd over - 3 runs, 3 hits, 0 errors, 3 left on base; Augusta 0 - Dayton 8 |
TOP OF THE 4TH |
Augusta GreenJackets batting - Pitching for Dayton Dragons : RHP Roberto Cortez
|
Now in CF: Kevin Larsen
|
|
Batting: LHB J.P. Olson
|
0-0: Ball 1-0: Ball 2-0: Called Strike 2-1: DOUBLE (Line Drive, 89XD, EV 100.0 MPH)
|
Batting: RHB Adam Solesbee
|
0-0: Ball 1-0: Called Strike 1-1: Foul Ball, location: 2F 1-2: Strikes out looking
|
Batting: LHB Gabe Velez
|
0-0: Ground out 1-3 (Groundball, 13, EV 66.9 MPH) J.P. Olson to third
|
Batting: RHB Micah McErlean
|
0-0: Ball 1-0: Ball 2-0: Foul Ball, location: 2F 2-1: Swinging Strike 2-2: Ground out 5-3 (Groundball, 56, EV 84.4 MPH)
|
Top of the 4th over - 0 runs, 1 hit, 0 errors, 1 left on base; Augusta 0 - Dayton 8 |
BOTTOM OF THE 4TH |
Dayton Dragons batting - Pitching for Augusta GreenJackets : RHP Chase Joy
|
Batting: LHB Brian Dickeson
|
0-0: Foul Ball, location: 2F 0-1: Foul Ball, location: 2F 0-2: Ball 1-2: Ground out 5-3 (Groundball, 6, EV 92.5 MPH)
|
Batting: RHB Mark Williams
|
0-0: Ball 1-0: Swinging Strike 1-1: Ball 2-1: Foul Ball, location: 2F 2-2: Foul Ball, location: 2F 2-2: Ball 3-2: Foul Ball, location: 2F 3-2: Fly out, F7 (Flyball, 7LM, EV 96.2 MPH)
|
Batting: LHB Nick Nino
|
0-0: Ground out 6-3 (Groundball, 6, EV 95.0 MPH)
|
Bottom of the 4th over - 0 runs, 0 hits, 0 errors, 0 left on base; Augusta 0 - Dayton 8 |
TOP OF THE 5TH |
Augusta GreenJackets batting - Pitching for Dayton Dragons : RHP Roberto Cortez
|
Batting: LHB Pong-keun Koh
|
0-0: Called Strike 0-1: Ground out 4-3 (Groundball, 4, EV 83.1 MPH)
|
Batting: RHB Juan Flores
|
0-0: Called Strike 0-1: Ball 1-1: Called Strike 1-2: Foul Ball, location: 2F 1-2: Ground out 6-3 (Groundball, 56, EV 83.8 MPH)
|
Batting: RHB Ryan Johnston
|
0-0: Ball 1-0: Ground out 1-3 (Groundball, 13S, EV 66.2 MPH)
|
Top of the 5th over - 0 runs, 0 hits, 0 errors, 0 left on base; Augusta 0 - Dayton 8 |
BOTTOM OF THE 5TH |
Dayton Dragons batting - Pitching for Augusta GreenJackets : RHP Chase Joy
|
Batting: SHB Bryan Johnston
|
0-0: Ball 1-0: Foul Ball, location: 2F 1-1: Ball 2-1: Called Strike 2-2: Strikes out looking
|
Batting: LHB Fernando Gomez
|
0-0: Ball 1-0: Called Strike 1-1: Ball 2-1: Called Strike 2-2: Fly out, F5 (Flyball, 56D, EV 88.1 MPH)
|
Batting: RHB Kevin Larsen
|
0-0: Ball 1-0: Called Strike 1-1: Foul Ball, location: 2F 1-2: Ball 2-2: Ground out 5-3 (Groundball, 5, EV 90.0 MPH)
|
Bottom of the 5th over - 0 runs, 0 hits, 0 errors, 0 left on base; Augusta 0 - Dayton 8 |
TOP OF THE 6TH |
Augusta GreenJackets batting - Pitching for Dayton Dragons : RHP Roberto Cortez
|
Batting: LHB Gil Caraveo
|
0-0: Ball 1-0: Ball 2-0: Ball 3-0: Ground out 5-3 (Groundball, 6, EV 81.9 MPH)
|
Batting: RHB Gabe Ochoa
|
0-0: Called Strike 0-1: Called Strike 0-2: Ground out 4-3 (Groundball, 34, EV 93.1 MPH)
|
Batting: LHB J.P. Olson
|
0-0: Called Strike 0-1: Ball 1-1: Called Strike 1-2: Strikes out swinging, 2-3 out at first.
|
Top of the 6th over - 0 runs, 0 hits, 0 errors, 0 left on base; Augusta 0 - Dayton 8 |
BOTTOM OF THE 6TH |
Dayton Dragons batting - Pitching for Augusta GreenJackets : RHP Chase Joy
|
Pitching: RHP Nick McDade
|
|
Batting: LHB David Moore
|
0-0: Foul Ball, location: 2F 0-1: Ball 1-1: Ball 2-1: Reached on error, E3 (Groundball, 3, EV 95.0 MPH)
|
Batting: LHB Matthew Berry
|
0-0: Ball 1-0: Swinging Strike 1-1: Ball 2-1: Ball 3-1: Base on Balls David Moore to second
|
Batting: RHB David Clough
|
0-0: Called Strike 0-1: Ball 1-1: SINGLE (Groundball, 34D, EV 96.2 MPH) David Moore to third Matthew Berry to second
|
Batting: LHB Brian Dickeson
|
0-0: Ball 1-0: Ball 2-0: Fly out, F8 (Flyball, 8RS, EV 77.5 MPH)
|
Batting: RHB Mark Williams
|
0-0: Swinging Strike 0-1: Grounds into double play, 3-6-3 (Groundball, 34, EV 88.1 MPH)
|
Bottom of the 6th over - 0 runs, 1 hit, 1 error, 2 left on base; Augusta 0 - Dayton 8 |
TOP OF THE 7TH |
Augusta GreenJackets batting - Pitching for Dayton Dragons : RHP Roberto Cortez
|
Batting: RHB Adam Solesbee
|
0-0: Ball 1-0: Foul Ball, location: 2F 1-1: Ball 2-1: Swinging Strike 2-2: Fly out, F8 (Flyball, 8LM, EV 93.1 MPH)
|
Batting: LHB Gabe Velez
|
0-0: Ball 1-0: Fly out, F7 (Flyball, 78M, EV 96.2 MPH)
|
Batting: RHB Micah McErlean
|
0-0: Ball 1-0: Ground out 6-3 (Groundball, 6, EV 85.6 MPH)
|
Top of the 7th over - 0 runs, 0 hits, 0 errors, 0 left on base; Augusta 0 - Dayton 8 |
BOTTOM OF THE 7TH |
Dayton Dragons batting - Pitching for Augusta GreenJackets : RHP Nick McDade
|
Batting: LHB Nick Nino
|
0-0: Called Strike 0-1: Ball 1-1: Ground out 6-3 (Groundball, 6, EV 100.6 MPH)
|
Pinch Hitting: RHB Jake Savell
|
0-0: Ball 1-0: SINGLE (Groundball, 56, EV 104.4 MPH)
|
Batting: LHB Fernando Gomez
|
0-0: Called Strike Jake Savell steals 2nd, throwing error, E2 Jake Savell to third 0-1: Foul Ball, location: 2F 0-2: Ball 1-2: Ball 2-2: Ground out 4-3 (Groundball, 34D, EV 110.6 MPH) Jake Savell scores
|
Batting: RHB Kevin Larsen
|
0-0: Called Strike 0-1: Ball 1-1: Swinging Strike 1-2: Foul Ball, location: 2F 1-2: Foul Ball, location: 2F 1-2: Ball 2-2: Foul Ball, location: 2F 2-2: Strikes out swinging
|
Bottom of the 7th over - 1 run, 1 hit, 1 error, 0 left on base; Augusta 0 - Dayton 9 |
TOP OF THE 8TH |
Augusta GreenJackets batting - Pitching for Dayton Dragons : RHP Roberto Cortez
|
Now in LF: Jake Savell
|
|
Batting: LHB Pong-keun Koh
|
0-0: Called Strike 0-1: Ball 1-1: Ball 2-1: Ball 3-1: Swinging Strike 3-2: Foul Ball, location: 2F 3-2: Ground out 4-3 (Groundball, 4, EV 83.8 MPH)
|
Batting: RHB Juan Flores
|
0-0: Fly out, F8 (Flyball, 8LD, EV 106.2 MPH)
|
Batting: RHB Ryan Johnston
|
0-0: Called Strike 0-1: Foul Ball, location: 2F 0-2: Strikes out swinging
|
Top of the 8th over - 0 runs, 0 hits, 0 errors, 0 left on base; Augusta 0 - Dayton 9 |
BOTTOM OF THE 8TH |
Dayton Dragons batting - Pitching for Augusta GreenJackets : RHP Nick McDade
|
Batting: LHB David Moore
|
0-0: Ball 1-0: Called Strike 1-1: Ball 2-1: Foul Ball, location: 2F 2-2: Foul Ball, location: 2F 2-2: Foul Ball, location: 2F 2-2: Ball 3-2: Base on Balls
|
Pitching: RHP Lorenzo Merjil
|
|
Pinch Hitting: RHB Alex Cruz
|
0-0: Ball 1-0: Swinging Strike 1-1: SINGLE (Line Drive, 34, EV 101.9 MPH) David Moore to second
|
Batting: RHB David Clough
|
0-0: Foul Ball, location: 2F 0-1: Grounds into double play, 4-6-3 (Groundball, 34, EV 90.6 MPH) David Moore to third
|
Batting: LHB Brian Dickeson
|
0-0: Ball 1-0: Ball 2-0: Ground out 4-3 (Groundball, 4, EV 106.9 MPH)
|
Bottom of the 8th over - 0 runs, 1 hit, 0 errors, 1 left on base; Augusta 0 - Dayton 9 |
TOP OF THE 9TH |
Augusta GreenJackets batting - Pitching for Dayton Dragons : RHP Roberto Cortez
|
Pitching: LHP Keith Egan
|
|
Now at 1B: Alex Cruz
|
|
Batting: LHB Gil Caraveo
|
0-0: Ball 1-0: Called Strike 1-1: Called Strike 1-2: Foul Ball, location: 2F 1-2: Ground out 4-3 (Groundball, 4, EV 81.2 MPH)
|
Batting: RHB Gabe Ochoa
|
0-0: Foul Ball, location: 2F 0-1: Ball 1-1: Ground out U3 (Groundball, 34, EV 104.4 MPH)
|
Batting: LHB J.P. Olson
|
0-0: Ball 1-0: Ball 2-0: Ball 3-0: Called Strike 3-1: Swinging Strike 3-2: Base on Balls
|
Batting: RHB Adam Solesbee
|
0-0: Ball 1-0: Foul Ball, location: 2F 1-1: Called Strike 1-2: Strikes out swinging
|
Top of the 9th over - 0 runs, 0 hits, 0 errors, 1 left on base; Augusta 0 - Dayton 9 |
|